IL
LAS VEGAS 51S @ RENO ACES
05/27/2048
 
TOP OF THE 1ST
Las Vegas 51s batting - Pitching for Reno Aces : RHP Yeong-kil Suck
Pitching: RHP Yeong-kil Suck
Batting: SHB Jason Larson 0-0: Called Strike
0-1: Ground out 6-3 (Groundball, 6, EV 83.1 MPH)
Batting: RHB Zhao-ying Joe 0-0: Called Strike
0-1: Ball
1-1: Ball
2-1: Fly out, F9 (Line Drive, 9, EV 111.2 MPH)
Batting: RHB Josh Jones 0-0: Called Strike
0-1: SINGLE (Line Drive, 89S, EV 102.5 MPH)
Batting: SHB Harrison Feist 0-0: Ball
1-0: Called Strike
1-1: Foul Ball, location: 2F
1-2: Ball
2-2: SINGLE (Groundball, 56D, EV 101.9 MPH)
Josh Jones to second
Batting: RHB Ken Fitzpatrick 0-0: Called Strike
0-1: Ball
1-1: Ball
2-1: Ball
3-1: Foul Ball, location: 2F
3-2: Strikes out swinging
Top of the 1st over - 0 runs, 2 hits, 0 errors, 2 left on base; Las Vegas 0 - Reno 0
BOTTOM OF THE 1ST
Reno Aces batting - Pitching for Las Vegas 51s : RHP Andy Reinhardt
Pitching: RHP Andy Reinhardt
Batting: SHB Carlos Rodriguez 0-0: Called Strike
0-1: Ball
1-1: Foul Ball, location: 2F
1-2: Ball
2-2: SINGLE (Groundball, 6MS, EV 60.6 MPH) (infield hit)
Batting: LHB Kyle Beaulieu 0-0: Ball
Carlos Rodriguez steals 2nd base
1-0: Swinging Strike
1-1: Called Strike
1-2: Ball
2-2: Foul Ball, location: 2F
2-2: Ball
3-2: Fly out, F8 (Flyball, 8RS, EV 84.4 MPH)
Batting: LHB Jeff Densmore 0-0: Ball
1-0: Swinging Strike
1-1: Ball
2-1: Fly out, F6 (Flyball, 5D, EV 86.2 MPH)
Batting: LHB Steve Reinhart 0-0: Called Strike
0-1: Ball
1-1: Called Strike
1-2: Ball
2-2: Ball
3-2: Foul Ball, location: 2F
3-2: SINGLE (Groundball, 6S, EV 65.6 MPH) (infield hit)
Carlos Rodriguez to third
Batting: RHB Marlon Reda 0-0: Ball
1-0: Ball
2-0: Called Strike
2-1: Foul Ball, location: 2F
2-2: Strikes out swinging
Bottom of the 1st over - 0 runs, 2 hits, 0 errors, 2 left on base; Las Vegas 0 - Reno 0
TOP OF THE 2ND
Las Vegas 51s batting - Pitching for Reno Aces : RHP Yeong-kil Suck
Batting: SHB Nelson Powell 0-0: Ball
1-0: Ball
2-0: Called Strike
2-1: Called Strike
2-2: Ball
3-2: Strikes out swinging
Batting: RHB Devine Adams 0-0: Swinging Strike
0-1: Foul Ball, location: 2F
0-2: Strikes out swinging
Batting: LHB Jose Chavez 0-0: Ball
1-0: Called Strike
1-1: Foul Ball, location: 2F
1-2: Foul Ball, location: 2F
1-2: Ball
2-2: Strikes out swinging
Top of the 2nd over - 0 runs, 0 hits, 0 errors, 0 left on base; Las Vegas 0 - Reno 0
BOTTOM OF THE 2ND
Reno Aces batting - Pitching for Las Vegas 51s : RHP Andy Reinhardt
Batting: RHB Cesar Chavez 0-0: Ball
1-0: Foul Ball, location: 2F
1-1: Ball
2-1: Ground out 1-3 (Groundball, 13, EV 66.9 MPH)
Batting: LHB Sam Dowdy 0-0: Ball
1-0: Called Strike
1-1: Ball
2-1: Swinging Strike
2-2: Strikes out looking
Batting: RHB Roberto Rodriguez 0-0: Swinging Strike
0-1: Foul Ball, location: 2F
0-2: Strikes out swinging
Bottom of the 2nd over - 0 runs, 0 hits, 0 errors, 0 left on base; Las Vegas 0 - Reno 0
TOP OF THE 3RD
Las Vegas 51s batting - Pitching for Reno Aces : RHP Yeong-kil Suck
Batting: RHB Alex Vasquez 0-0: Ball
1-0: Ball
2-0: Called Strike
2-1: Ground out 6-3 (Groundball, 6, EV 78.8 MPH)
Batting: SHB Jason Larson 0-0: Called Strike
0-1: Fly out, F8 (Flyball, 89M, EV 86.9 MPH)
Batting: RHB Zhao-ying Joe 0-0: Swinging Strike
0-1: Foul Ball, location: 2F
0-2: Ball
1-2: Ball
2-2: Ball
3-2: Foul Ball, location: 2F
3-2: Foul Ball, location: 2F
3-2: Ground out 5-3 (Groundball, 56S, EV 86.2 MPH)
Top of the 3rd over - 0 runs, 0 hits, 0 errors, 0 left on base; Las Vegas 0 - Reno 0
BOTTOM OF THE 3RD
Reno Aces batting - Pitching for Las Vegas 51s : RHP Andy Reinhardt
Batting: RHB Danny Gerardo 0-0: Foul Ball, location: 2F
0-1: Ball
1-1: Ground out 4-3 (Groundball, 4, EV 84.4 MPH)
Batting: SHB Carlos Rodriguez 0-0: Ball
1-0: Ball
2-0: Called Strike
2-1: Swinging Strike
2-2: Ball
3-2: Base on Balls
Batting: LHB Kyle Beaulieu 0-0: Called Strike
0-1: Ball
1-1: Called Strike
1-2: Ball
2-2: Ball
3-2: SINGLE (Groundball, 56, EV 104.4 MPH)
Carlos Rodriguez to second
Batting: LHB Jeff Densmore 0-0: Fly out, F7 (Flyball, 78S, EV 85.0 MPH)
Batting: LHB Steve Reinhart 0-0: Ball
1-0: Foul Ball, location: 2F
1-1: Fly out, F9 (Flyball, 9D, EV 100.6 MPH)
Bottom of the 3rd over - 0 runs, 1 hit, 0 errors, 2 left on base; Las Vegas 0 - Reno 0
TOP OF THE 4TH
Las Vegas 51s batting - Pitching for Reno Aces : RHP Yeong-kil Suck
Batting: RHB Josh Jones 0-0: Ball
1-0: Called Strike
1-1: SINGLE (Line Drive, 8LS, EV 106.2 MPH)
Batting: SHB Harrison Feist 0-0: Ball
1-0: Called Strike
1-1: Ball
2-1: Foul Ball, location: 2F
2-2: Ball
3-2: Base on Balls
Josh Jones to second
Batting: RHB Ken Fitzpatrick 0-0: Ball
1-0: Called Strike
1-1: Called Strike
1-2: Foul Ball, location: 2F
1-2: Foul Ball, location: 2F
1-2: Fielders Choice at 2nd, 1-6 (Groundball, 13S, EV 65.6 MPH)
Josh Jones to third
Batting: SHB Nelson Powell 0-0: Called Strike
0-1: Ball
1-1: Swinging Strike
1-2: Strikes out swinging
Batting: RHB Devine Adams 0-0: Called Strike
0-1: Swinging Strike
0-2: 3-RUN HOME RUN (Flyball, 78XD, EV 99.4 MPH), Distance : 402 ft
Batting: LHB Jose Chavez 0-0: Fly out, F8 (Flyball, 8LD, EV 93.1 MPH)
Top of the 4th over - 3 runs, 2 hits, 0 errors, 0 left on base; Las Vegas 3 - Reno 0
BOTTOM OF THE 4TH
Reno Aces batting - Pitching for Las Vegas 51s : RHP Andy Reinhardt
Batting: RHB Marlon Reda 0-0: Called Strike
0-1: Ground out 6-3 (Groundball, 6, EV 84.4 MPH)
Batting: RHB Cesar Chavez 0-0: Foul Ball, location: 2F
0-1: Ball
1-1: Swinging Strike
1-2: Fly out, F8 (Flyball, 78M, EV 85.0 MPH)
Batting: LHB Sam Dowdy 0-0: Called Strike
0-1: Ball
1-1: Ball
2-1: Foul Ball, location: 2F
2-2: Ball
3-2: Ground out U3 (Groundball, 3, EV 106.2 MPH)
Bottom of the 4th over - 0 runs, 0 hits, 0 errors, 0 left on base; Las Vegas 3 - Reno 0
TOP OF THE 5TH
Las Vegas 51s batting - Pitching for Reno Aces : RHP Yeong-kil Suck
Batting: RHB Alex Vasquez 0-0: Fly out, F4 (Flyball, 4D, EV 91.9 MPH)
Batting: SHB Jason Larson 0-0: Ball
1-0: TRIPLE (Line Drive, 89XD, EV 101.9 MPH)
Batting: RHB Zhao-ying Joe 0-0: Called Strike
0-1: Ball
1-1: Called Strike
1-2: Fly out, F8 (Flyball, 8RM, EV 85.6 MPH)
Runner from 3rd tags up, SCORES, throw by CF
Batting: RHB Josh Jones 0-0: Called Strike
0-1: SINGLE (Flyball, 8LS, EV 85.6 MPH)
Batting: SHB Harrison Feist 0-0: Fly out, F8 (Flyball, 8LXD, EV 99.4 MPH)
Top of the 5th over - 1 run, 2 hits, 0 errors, 1 left on base; Las Vegas 4 - Reno 0
BOTTOM OF THE 5TH
Reno Aces batting - Pitching for Las Vegas 51s : RHP Andy Reinhardt
Batting: RHB Roberto Rodriguez 0-0: Foul Ball, location: 2F
0-1: Foul Ball, location: 2F
0-2: Foul Ball, location: 2F
0-2: Ball
1-2: Ground out 6-3 (Groundball, 6, EV 88.8 MPH)
Batting: RHB Danny Gerardo 0-0: SINGLE (Groundball, 56D, EV 96.9 MPH)
Batting: SHB Carlos Rodriguez 0-0: Ball
1-0: Ball
2-0: Foul Ball, location: 2F
2-1: Called Strike
2-2: Ball
3-2: Grounds into double play, 4-6-3 (Groundball, 4, EV 100.0 MPH)
Bottom of the 5th over - 0 runs, 1 hit, 0 errors, 0 left on base; Las Vegas 4 - Reno 0
TOP OF THE 6TH
Las Vegas 51s batting - Pitching for Reno Aces : RHP Yeong-kil Suck
Batting: RHB Ken Fitzpatrick 0-0: Ball
1-0: Ground out 4-3 (Groundball, 4MS, EV 93.8 MPH)
Batting: SHB Nelson Powell 0-0: Ball
1-0: Called Strike
1-1: Ball
2-1: Ball
3-1: Base on Balls
Pitching: RHP Adam Maida
Batting: RHB Devine Adams 0-0: Ball
1-0: Called Strike
1-1: Ball
2-1: Swinging Strike
2-2: Foul Ball, location: 2F
2-2: Ball
3-2: DOUBLE (Flyball, 89XD, EV 111.9 MPH)
Nelson Powell to third
Batting: LHB Jose Chavez 0-0: Called Strike
0-1: Called Strike
0-2: Ball
1-2: Ball
2-2: Strikes out swinging
Batting: RHB Alex Vasquez 0-0: SINGLE (Line Drive, 4MD, EV 97.5 MPH)
Nelson Powell scores
Devine Adams to third
Runner from 3rd tries for Home, SAFE, throw by CF to home
Alex Vasquez to second
Batting: SHB Jason Larson 0-0: Called Strike
0-1: Ball
1-1: Called Strike
1-2: Foul Ball, location: 2F
1-2: Strikes out swinging
Top of the 6th over - 2 runs, 2 hits, 0 errors, 1 left on base; Las Vegas 6 - Reno 0
BOTTOM OF THE 6TH
Reno Aces batting - Pitching for Las Vegas 51s : RHP Andy Reinhardt
Batting: LHB Kyle Beaulieu 0-0: Ball
1-0: Ball
2-0: Called Strike
2-1: Ground out U3 (Groundball, 13, EV 77.5 MPH)
Batting: LHB Jeff Densmore 0-0: Called Strike
0-1: Foul Ball, location: 2F
0-2: Ball
1-2: Ball
2-2: Ball
3-2: Fly out, F7 (Line Drive, 7S, EV 91.9 MPH)
Batting: LHB Steve Reinhart 0-0: SINGLE (Groundball, 3L, EV 94.4 MPH)
Batting: RHB Marlon Reda 0-0: Fielders Choice at 2nd, 6-4 (Groundball, 6D, EV 102.5 MPH)
Bottom of the 6th over - 0 runs, 1 hit, 0 errors, 1 left on base; Las Vegas 6 - Reno 0
TOP OF THE 7TH
Las Vegas 51s batting - Pitching for Reno Aces : RHP Adam Maida
Batting: RHB Zhao-ying Joe 0-0: Ball
1-0: Called Strike
1-1: Swinging Strike
1-2: Ball
2-2: Ball
3-2: Strikes out swinging
Pitching: LHP Justin Dine
Batting: RHB Josh Jones 0-0: Ball
1-0: Swinging Strike
1-1: Called Strike
1-2: Ball
2-2: Ball
3-2: Fly out, F8 (Flyball, 8LXD, EV 103.8 MPH)
Batting: SHB Harrison Feist 0-0: Foul Ball, location: 2F
0-1: Foul Ball, location: 2F
0-2: Ball
1-2: Foul Ball, location: 2F
1-2: Ground out 5-3 (Groundball, 56S, EV 92.5 MPH)
Top of the 7th over - 0 runs, 0 hits, 0 errors, 0 left on base; Las Vegas 6 - Reno 0
BOTTOM OF THE 7TH
Reno Aces batting - Pitching for Las Vegas 51s : RHP Andy Reinhardt
Batting: RHB Cesar Chavez 0-0: Ball
1-0: Ground out 5-3 (Groundball, 56S, EV 83.8 MPH)
Batting: LHB Sam Dowdy 0-0: Called Strike
0-1: Called Strike
0-2: Ball
1-2: Strikes out looking
Batting: RHB Roberto Rodriguez 0-0: Ball
1-0: Ground out U3 (Groundball, 3L, EV 81.2 MPH)
Bottom of the 7th over - 0 runs, 0 hits, 0 errors, 0 left on base; Las Vegas 6 - Reno 0
TOP OF THE 8TH
Las Vegas 51s batting - Pitching for Reno Aces : LHP Justin Dine
Batting: RHB Ken Fitzpatrick 0-0: Ball
1-0: Called Strike
1-1: Called Strike
1-2: Ball
2-2: Ground out 6-3 (Groundball, 6D, EV 87.5 MPH)
Batting: SHB Nelson Powell 0-0: Swinging Strike
0-1: Ball
1-1: Foul Ball, location: 2F
1-2: Ground out 5-3 (Groundball, 56S, EV 66.2 MPH)
Batting: RHB Devine Adams 0-0: Called Strike
0-1: Foul Ball, location: 2F
0-2: Strikes out swinging
Top of the 8th over - 0 runs, 0 hits, 0 errors, 0 left on base; Las Vegas 6 - Reno 0
BOTTOM OF THE 8TH
Reno Aces batting - Pitching for Las Vegas 51s : RHP Andy Reinhardt
Pitching: RHP Brian Wood
Batting: RHB Danny Gerardo 0-0: Swinging Strike
0-1: Called Strike
0-2: Strikes out looking
Batting: SHB Carlos Rodriguez 0-0: Ball
1-0: Called Strike
1-1: SINGLE (Line Drive, 8RS, EV 98.1 MPH)
Batting: LHB Kyle Beaulieu 0-0: Swinging Strike
0-1: Ball
1-1: Ball
2-1: Ball
3-1: Swinging Strike
3-2: Foul Ball, location: 2F
3-2: Foul Ball, location: 2F
3-2: Base on Balls
Carlos Rodriguez to second
Batting: LHB Jeff Densmore 0-0: Ball
1-0: Foul Ball, location: 2F
1-1: 3-RUN HOME RUN (Line Drive, 8LXD, EV 115.0 MPH), Distance : 434 ft
Pitching: RHP Alastair Henry
Batting: LHB Steve Reinhart 0-0: Called Strike
0-1: Ball
1-1: Swinging Strike
1-2: Strikes out looking
Batting: RHB Marlon Reda 0-0: Ball
1-0: Ball
2-0: Ball
3-0: Called Strike
3-1: Foul Ball, location: 2F
3-2: Foul Ball, location: 2F
3-2: Strikes out swinging
Bottom of the 8th over - 3 runs, 2 hits, 0 errors, 0 left on base; Las Vegas 6 - Reno 3
TOP OF THE 9TH
Las Vegas 51s batting - Pitching for Reno Aces : LHP Justin Dine
Batting: LHB Jose Chavez 0-0: Ball
1-0: Ball
2-0: Swinging Strike
2-1: Ball
3-1: Swinging Strike
3-2: Strikes out swinging
Batting: RHB Alex Vasquez 0-0: Ball
1-0: Foul Ball, location: 2F
1-1: Foul Ball, location: 2F
1-2: Foul Ball, location: 2F
1-2: Foul Ball, location: 2F
1-2: Foul Ball, location: 2F
1-2: Ball
2-2: Ground out 6-3 (Groundball, 6, EV 83.8 MPH)
Batting: SHB Jason Larson 0-0: Called Strike
0-1: Called Strike
0-2: DOUBLE (Line Drive, 78M, EV 106.9 MPH)
Batting: RHB Zhao-ying Joe 0-0: SINGLE (Line Drive, 9LS, EV 101.9 MPH)
Jason Larson to third
Runner from 3rd tries for Home, SAFE, throw by RF to home
Zhao-ying Joe to second
Batting: RHB Josh Jones 0-0: Ball
1-0: Ball
2-0: Called Strike
2-1: Ball
3-1: Called Strike
3-2: Base on Balls
Pitching: RHP Jose Fernandez
Batting: SHB Harrison Feist 0-0: Called Strike
0-1: Foul Ball, location: 2F
0-2: Ball
1-2: Ball
2-2: Foul Ball, location: 2F
2-2: Strikes out swinging
Top of the 9th over - 1 run, 2 hits, 0 errors, 2 left on base; Las Vegas 7 - Reno 3
BOTTOM OF THE 9TH
Reno Aces batting - Pitching for Las Vegas 51s : RHP Alastair Henry
Batting: RHB Cesar Chavez 0-0: Swinging Strike
0-1: Foul Ball, location: 2F
0-2: Strikes out swinging
Batting: LHB Sam Dowdy 0-0: Ground out 6-3 (Groundball, P, EV 86.2 MPH)
Batting: RHB Roberto Rodriguez 0-0: Called Strike
0-1: Ball
1-1: Called Strike
1-2: Ball
2-2: Ground out 3-1 (Groundball, 34S, EV 85.0 MPH)
Bottom of the 9th over - 0 runs, 0 hits, 0 errors, 0 left on base; Las Vegas 7 - Reno 3
Tuesday, March 28th , 2023 - OOTP Baseball 23.10 Build 110